AoeStats
← 739697286

Arena

510100255Analyzed
4v4 RM · 4d ago on Sep 29, 2026· 20m 8s· 8 players
Game mode
Random Map
Map size
Large (8 player)
Population
200
Speed
Normal
Resources
Standard
Victory
Conquest
Starting age
Dark Age
Ending age
Imperial Age
RankedLock teamsTeams togetherTeam positionsShared explorationLock speedFull tech treeHidden civsTurbo modeCheats
Victory
Defeat
🇬🇧 Khmer · United Kingdom
1516
+11
🇺🇸 Slavs · United States
1468
+13
🇹🇼 Byzantines · Taiwan
1460
+13
🇨🇳 Britons · China
1412
+15
🇨🇳 Saxons · China
1443
-15
🇨🇳 Danes · China
1431
-14
1390
-13
1309
-10
Dreamer2599
11:28 Feudal Age
12:47 Double-Bit Axe
12:43 Horse Collar
15:26 Castle Age
17:01 Bow Saw
17:28 Wheelbarrow
Wolf Slayer
11:50 Feudal Age
14:35 Castle Age
12:50 Double-Bit Axe
13:25 Horse Collar
Yves
10:16 Feudal Age
11:16 Loom
14:19 Castle Age
12:12 Double-Bit Axe
12:29 Horse Collar
15:30 Bow Saw
739697286
10:40 Feudal Age
12:02 Double-Bit Axe
15:04 Castle Age
14:00 Horse Collar
16:25 Bow Saw
16:16 Heavy Plow
16:08 Gold Mining
16:38 Loom
精华缘
10:38 Feudal Age
11:34 Double-Bit Axe
14:33 Castle Age
12:38 Horse Collar
15:56 Bow Saw
20:52 Wheelbarrow
帝国时代火船乱玩
10:04 Feudal Age
10:16 Loom
14:09 Castle Age
12:20 Double-Bit Axe
16:23 Bow Saw
19:42 Scale Mail Armor
有钱胶己人 无钱咬支浪
11:32 Feudal Age
12:09 Horse Collar
12:16 Double-Bit Axe
15:08 Castle Age
16:03 Bow Saw
20:32 Wheelbarrow
垃圾小土兵
11:21 Feudal Age
12:04 Double-Bit Axe
15:00 Castle Age
12:50 Horse Collar
18:10 Bow Saw
Connection lost

Rejoining the realm…

Still unreachable

The connection could not be restored.

Session expired

The server has moved on; the page needs a fresh start.